 Dungeon Crawl Stone Soup version 0.29.1-15-g9cfb28693d (webtiles) character file.

Game seed: 2773580063921121544

130 javelincjr the Magician (level 4, 0/33 HPs)
             Began as a Demonspawn Hedge Wizard on Apr 28, 2023.
             Slain by a bullfrog (4 damage)
             ... in a sewer.
             The game lasted 00:07:41 (4083 turns).

javelincjr the Magician (Demonspawn Hedge Wizard)   Turns: 4083, Time: 00:07:42

Health: 0/33       AC:  2    Str: 16    XL:     4   Next: 90%
Magic:  7/9        EV: 12    Int: 17    God:
Gold:   104        SH:  0    Dex: 13    Spells: 5/10 levels left

rFire   . . .      SeeInvis .   j - +1 dagger (pain)
rCold   . . .      Faith    .   (no shield)
rNeg    . . .      Spirit   .   b - +0 robe
rPois   .          Reflect  .   c - +0 hat
rElec   .          Harm     .   (no cloak)
rCorr   .          Rampage  .   (no gloves)
Will    .....                   (no boots)
Stlth   +.........              (no amulet)
HPRegen 0.11/turn               k - +6 ring of strength
MPRegen 0.11/turn               (no ring)

@: on blink cooldown, very slow
A: ignite blood 2
a: no special abilities


You were in a sewer.
You visited 1 branch of the dungeon, and saw 3 of its levels.
You also visited: Sewer.

You collected 104 gold pieces.

Inventory:

Hand Weapons
 a - a +0 dagger
 f - a +0 spear
 j - a +1 dagger of pain (weapon)
Armour
 b - a +0 robe (worn)
 c - a +0 hat (worn)
 n - the +0 chain mail of Hadjma {rElec}
   (You found it on level 2 of the Dungeon)

   rElec:     It insulates you from electricity.
Jewellery
 k - a +6 ring of strength (left hand)
Scrolls
 e - a scroll of silence {unknown}
 o - a scroll of fear {unknown}
 p - a scroll of noise {unknown}
Potions
 d - a potion of magic
 g - 2 potions of brilliance {unknown}
 h - 2 potions of cancellation {unknown}
 i - 2 potions of curing {unknown}
 l - a potion of lignification {unknown}
 m - a potion of heal wounds {unknown}


   Skills:
 * Level 1.8 Fighting
 + Level 1.0 Armour
 + Level 2.2 Dodging
 - Level 1.7 Stealth
 * Level 3.6 Spellcasting
 + Level 1.8 Conjurations
 + Level 2.0 Summonings
 + Level 1.3 Translocations


You had 5 spell levels left.
You knew the following spells:

 Your Spells              Type           Power      Damage    Failure   Level
a - Magic Dart            Conj           36%        1d4       8%          1
b - Call Imp              Summ           9%         N/A       11%         2
c - Blink                 Tloc           14%        N/A       14%         2

Your spell library contained the following spells:

 Spells                   Type           Power      Damage    Failure   Level
 Slow                     Hex            12%        N/A       17%         1
 Conjure Flame            Conj/Fire      6%         6-21      34%         3
 Mephitic Cloud           Conj/Pois/Air  5%         N/A       36%         3


Dungeon Overview and Level Annotations

Branches:
Dungeon (3/15)              Sewer (1/1)

Altars:


Innate Abilities, Weirdness & Mutations

Your demonic aura often causes spilled blood to erupt in flames.


Message History

You hit the bullfrog.
The bullfrog is lightly wounded.
The bullfrog hits you! The bullfrog hits your white imp.
Your white imp hits the bullfrog.
Your white imp freezes the bullfrog.
The bullfrog seems to slow down.
You hit the bullfrog.
The bullfrog is lightly wounded.
The bullfrog barely misses you.
The bullfrog closely misses your white imp.
Your white imp barely misses the bullfrog.
The bullfrog hits you!
* * * LOW HITPOINT WARNING * * *
You enter the shallow water.
Moving in this stuff is going to be slow.
The bullfrog hits your white imp but does no damage.
The bullfrog completely misses your white imp.
Your white imp hits the bullfrog.
Your white imp freezes the bullfrog.
Something hits your white imp.
Something completely misses your white imp.
Something closely misses your white imp.
The bullfrog barely misses your white imp.
Your white imp hits the bullfrog.
Your white imp freezes the bullfrog.
The bullfrog seems to slow down.
The bullfrog hits your white imp but does no damage.
Your white imp disappears in a puff of smoke!
You closely miss the bullfrog.
The bullfrog gives a loud, deep croak!
Your punch misses the bullfrog.
The bullfrog is almost dead.
The bullfrog hits you but does no damage.
The bullfrog hits you.
* * * LOW HITPOINT WARNING * * *
Casting: Call Imp (safe; 11% risk of failure)
Confirm with . or Enter, or press ? or * to list all spells.
You blink.
Splash!
You fall into the shallow water.
Moving in this stuff is going to be slow.
The giant cockroach closely misses you. The bullfrog hits you.
You die...

##~~~~###≈≈≈≈≈###.~~.##~~.##
#~.~~##≈≈≈≈~.~≈≈##~~~~#...~#
#~.~##
≈≈.~~..~~≈##~~~##~~~## ~~÷~#
~~~.$$(.~~≈#.~~~#~.~.# ~.~~#
~~~..)(?.~.#~~~~#~..∩# ~.~~#
..~~~~$~†~~#~~~~#~~~.#
#~~~##
≈~.~~~~†~~.#††~##~~.##
#~~††##≈≈~~~~~J.~~#†~~#~~~.#
##~..~###≈≈~~~#B@##~~##..~##
†##~.~~.#######F~#~.##~~~~#
~~###~.~~.~..○.F##~†#~~~~##
~~.~####~~~.~~..#~~~~~~~##
~~.~~~~#~∩~#######~~.####
###~~~~#####~.~~~#~~##
~~####~†~†~~~.~~~####
....~#########~~~#
##.∩..~~.~~~~~~~.#


You could see 2 bullfrogs, an endoplasm and a giant cockroach.

Vanquished Creatures
  5 adders
  A dart slug (D:1)
  An orc (D:3)
  6 ball pythons (Sewer)
  3 bats
  9 endoplasms
  7 giant cockroaches
  A goblin (D:2)
  5 hobgoblins (D:1)
  2 jackals (D:1)
  7 quokkas (Sewer)
  8 frilled lizards
  A kobold (D:2)
  3 rats
59 creatures vanquished.

Vanquished Creatures (collateral kills)
  A ball python (Sewer)
  2 endoplasms (Sewer)
  5 giant cockroaches
  A goblin (D:1)
  A hobgoblin (D:1)
  A jackal (D:1)
  2 quokkas (Sewer)
13 creatures vanquished.

Grand Total: 72 creatures vanquished

Notes
Turn   | Place    | Note
-------+----------+-------------------------------------------
     0 | D:1      | javelincjr the Demonspawn Hedge Wizard began the quest for
                  | the Orb.
     0 | D:1      | Reached XP level 1. HP: 13/13 MP: 4/4
   263 | D:1      | Reached skill level 1 in Translocations
   370 | D:1      | Gained mutation: Your demonic aura sometimes causes spilled
                  | blood to erupt in flames. [demonic ancestry]
   370 | D:1      | Reached XP level 2. HP: 20/20 MP: 1/6
   373 | D:1      | Learned a level 2 spell: Call Imp
   376 | D:1      | Learned a level 2 spell: Blink
  1340 | D:2      | Reached skill level 1 in Fighting
  1453 | D:2      | Identified the +0 chain mail of Hadjma {rElec}
  1488 | D:2      | Reached XP level 3. HP: 26/26 MP: 0/7
  2647 | D:3      | Found a glowing drain.
  2664 | D:3      | Gained mutation: Your demonic aura often causes spilled
                  | blood to erupt in flames. [demonic ancestry]
  2664 | D:3      | Reached XP level 4. HP: 27/32 MP: 0/9
  2676 | Sewer    | Entered a sewer
  3014 | Sewer    | Reached skill level 1 in Armour
  4068 | Sewer    | Noticed a bullfrog
  4068 | Sewer    | Noticed a bullfrog
  4083 | Sewer    | Slain by a bullfrog

Illustrated notes

Levels and vault maps discovered:
D:1:      lightli_arrival_quake, layout_rooms
D:2:      cheibrodos_old_hovel, layout_basic
D:3:      layout_basic, ebering_ecumenical_altar_sacrificial,
          gup_sewer_entry_glass, minmay_strange_pillars, minivault_25,
          grunt_ministairs_6, minmay_checkerbox
Sewer:    sewer_frog_island_02

Skill      XL: |  1  2  3  4 |
---------------+-------------+-----
Translocations | 1 |  1.3
Fighting       | 1 |  1.8
Dodging        | 2 |  2.2
Armour         | 1 |  1.0
Summonings     | 2 |  2.0
Stealth        | |  1.7
Spellcasting   | |  3.6
Conjurations   | |  1.8

Action                   |  1- 3 |  4- 6 || total
-------------------------+-------+-------++-------
Melee: Spear             |    33 |       ||    33
       Dagger            |    17 |    56 ||    73
       Punch             |       |     1 ||     1
 Cast: Magic Dart        |    73 |    65 ||   138
       Call Imp          |     3 |     9 ||    12
       Blink             |       |     1 ||     1
 Stab: Distracted        |       |     1 ||     1
Armor: Robe              |    17 |     7 ||    24
Dodge: Dodged            |    42 |    40 ||    82
